 Dungeon Crawl Stone Soup version 0.29-a0-330-g52719c12eb (webtiles) character file.

Game seed: 15936056798901051870

415 kae the Firebug (level 6, -2/35 HPs)
             Began as a Deep Elf Fire Elementalist on Apr 19, 2022.
             Slain by a wyvern (7 damage)
             ... on level 5 of the Dungeon.
             The game lasted 00:02:41 (5087 turns).

kae the Firebug (Deep Elf Fire Elementalist)        Turns: 5087, Time: 00:02:41

Health: -2/35      AC:  3    Str:  8    XL:     6   Next: 60%
Magic:  8/15       EV: 12    Int: 22    God:
Gold:   1041       SH:  5    Dex: 15    Spells: 1/14 levels left

rFire   . . .      SeeInvis +   m - +0 flail of Cafiwuqa {freeze, rElec rC+ Str+3 SInv}
rCold   + . .      Faith    .   (no shield)
rNeg    + . .      Spirit   .   a - +0 robe
rPois   .          Reflect  +   (no helmet)
rElec   +          Harm     .   (no cloak)
rCorr   .          Rampage  .   f - +0 pair of gloves
Will    .....                   (no boots)
Stlth   ++........              n - amulet of reflection
HPRegen 0.11/turn               c - ring of see invisible
MPRegen 0.14/turn               h - ring of positive energy

@: no status effects
A: no striking features
a: no special abilities


You were on level 5 of the Dungeon.
You visited 1 branch of the dungeon, and saw 5 of its levels.

You collected 1041 gold pieces.

Inventory:

Hand Weapons
 m - the +0 flail of Cafiwuqa (weapon) {freeze, rElec rC+ Str+3 SInv}
   (You found it on level 2 of the Dungeon)

   It freezes those it strikes, dealing additional cold damage.
   It can also slow down cold-blooded creatures.
   Str:       It affects your strength (+3).
   rC:        It protects you from cold.
   rElec:     It insulates you from electricity.
   SInv:      It lets you see invisible.
Armour
 a - a +0 robe (worn)
 f - a +0 pair of gloves (worn)
Jewellery
 c - a ring of see invisible (left hand)
 h - a ring of positive energy (right hand)
 n - an amulet of reflection (around neck)
 o - a +6 ring of intelligence
Scrolls
 g - a scroll of silence
 l - 4 scrolls of identify
 p - a scroll of amnesia
Potions
 b - a potion of magic
 d - 2 potions of curing
 e - a potion of might
 i - a potion of cancellation {unknown}
 j - 2 potions of degeneration {unknown}
 k - 2 potions of lignification {unknown}
 q - a potion of berserk rage {unknown}
 r - a potion of attraction {unknown}
 v - a potion of brilliance {unknown}


   Skills:
 + Level 2.2 Fighting
 - Level 2.4 Dodging
 - Level 2.4 Stealth
 + Level 4.9 Spellcasting
 + Level 3.3 Conjurations
 * Level 5.8 Fire Magic


You had one spell level left.
You knew the following spells:

 Your Spells              Type           Power      Damage    Failure   Level
a - Foxfire               Conj/Fire      100%       2x1d9     1%          1
b - Scorch                Fire           62%        2d8       1%          2
c - Conjure Flame         Conj/Fire      25%        6-21      4%          3
d - Inner Flame           Hex/Fire       18%        N/A       9%          3
e - Flame Wave            Conj/Fire      25%        2d7       16%         4

Your spell library contained the following spells:

 Spells                   Type           Power      Damage    Failure   Level
 Animate Skeleton         Necr           10%        N/A       11%         1
 Pain                     Necr           20%        1d5       11%         1
 Sandblast                Erth           10%        2d5       11%         1
 Passwall                 Tmut/Erth      4%         N/A       16%         2
 Stone Arrow              Conj/Erth      24%        3d8       16%         3
 Vampiric Draining        Necr           5%         2d6       30%         3


Dungeon Overview and Level Annotations

Branches:
Dungeon (5/15)
 Temple: D:4-7

Altars:

Shops:
D:2 [

Annotations:
D:2 Sigmund


Message History

The orc shouts!
You hear an angry hiss.
Your foxfire dissipates!
A wyvern comes into view.
The foxfire hits the orc!
The orc is almost dead.
The foxfire hits the orc.
You kill the orc!
Casting: Foxfire (safe; 1% risk of failure)
Confirm with . or Enter, or press ? or * to list all spells.
You conjure some foxfire!
The foxfire hits the wyvern.
The wyvern is lightly wounded.
The foxfire hits the wyvern but does no damage.
The wyvern is lightly wounded.
Casting: Foxfire (safe; 1% risk of failure)
Confirm with . or Enter, or press ? or * to list all spells.
You conjure some foxfire!
You block the wyvern's attack.
The foxfire hits the wyvern but does no damage.
The wyvern is lightly wounded.
The foxfire hits the wyvern but does no damage.
The wyvern is lightly wounded.
You block the wyvern's attack.
Casting: Foxfire (safe; 1% risk of failure)
Confirm with . or Enter, or press ? or * to list all spells.
Flames lash the wyvern.
The wyvern is moderately wounded.
The wyvern's fire resistance burns away.
You hear an angry hiss.
The wyvern closely misses you.
An adder comes into view.
The wyvern bites you! The wyvern bites you!
Casting: Scorch (safe; 1% risk of failure)
Confirm with . or Enter, or press ? or * to list all spells.
Flames lash the wyvern.
The wyvern is burned terribly!
The wyvern is severely wounded.
The wyvern bites you!
* * * LOW HITPOINT WARNING * * *
The wyvern bites you!
You die...

#.##...# #.###### #.#
#.# #.# #############
#.# .............# #)#
#...#...#...### #.#
...S..l@......###)#
#...#...#...#.##..######
........................
###
#######################
#.# ≈≈ #<# ## #...#
...#... ...#. !###


You could see a wyvern (combustible) and an adder.

Vanquished Creatures
  A sky beast (D:3)
  An ogre (D:3)
  Jessica (D:3)
  An iguana (D:4)
  4 orc wizards
  An adder (D:4)
  A white imp (D:4)
  A worm (D:2)
  A dart slug (D:3)
  7 orcs
  5 ball pythons
  3 bats (D:1)
  4 endoplasms
  A giant cockroach (D:4)
  12 goblins
  2 hobgoblins (D:4)
  A jackal (D:4)
  3 quokkas
  5 frilled lizards
  7 kobolds
  6 rats
68 creatures vanquished.

Vanquished Creatures (others)
  229 foxfires
  17 fungi (D:5)
246 creatures vanquished.

Grand Total: 314 creatures vanquished

Notes
Turn   | Place    | Note
-------+----------+-------------------------------------------
     0 | D:1      | kae the Deep Elf Fire Elementalist began the quest for the
                  | Orb.
     0 | D:1      | Reached XP level 1. HP: 10/10 MP: 6/6
   460 | D:1      | Reached XP level 2. HP: 15/15 MP: 6/8
   463 | D:1      | Learned a level 2 spell: Scorch
  1218 | D:2      | Noticed Sigmund
  1522 | D:2      | Found a faded altar of an unknown god.
  1561 | D:2      | Reached XP level 3. HP: 20/20 MP: 5/9
  1840 | D:2      | Found Soichyes's Antique Armour Boutique.
  1907 | D:2      | Identified the +0 flail of Cafiwuqa {freeze, rElec rC+
                  | Str+3 SInv}
  2471 | D:3      | Reached skill level 4 in Fire Magic
  2670 | D:3      | Noticed an ogre
  2680 | D:3      | Killed an ogre
  2681 | D:3      | Reached skill level 1 in Fighting
  2681 | D:3      | Reached XP level 4. HP: 25/25 MP: 7/12
  2734 | D:3      | Noticed Jessica
  2739 | D:3      | Killed Jessica
  2740 | D:3      | Reached XP level 5. HP: 29/29 MP: 10/13
  2999 | D:3      | Noticed a sky beast
  3008 | D:3      | Killed a sky beast
  3009 | D:3      | Reached skill level 5 in Fire Magic
  3977 | D:4      | Reached XP level 6. HP: 35/35 MP: 12/14
  4344 | D:4      | Identified the +6 mace "Xeuras" {antimagic, rPois rC- Int+7
                  | Stlth+}
  4697 | D:5      | Entered Level 5 of the Dungeon
  4719 | D:5      | Identified a scroll of acquirement
  4719 | D:5      | Acquired 815 gold pieces
  5056 | D:5      | Learned a level 3 spell: Conjure Flame
  5060 | D:5      | Learned a level 3 spell: Inner Flame
  5065 | D:5      | Learned a level 4 spell: Flame Wave
  5079 | D:5      | Noticed a wyvern
  5087 | D:5      | Slain by a wyvern

Illustrated notes

Levels and vault maps discovered:
D:1:      nzn_arrival_crosshair, layout_loops_ring, minivault_5,
          minmay_misc_feat_enclosed
D:2:      layout_basic, serial_shops, nicolae_shop_behind_doors, serial_curves,
          eino_curves_02, eino_curves_04,
          hellmonk_ecumenical_altar_heavens_door, st_stairs_9,
          minmay_pentomino_q4, uniq_sigmund
D:3:      layout_basic, kennysheep_boxes, uniq_jessica
D:4:      minmay_spotlight, layout_loops_ring
D:5:      layout_loops_ring, lemuel_coloured_pillars_altar,
          gammafunk_ghost_nasty_kobolds, serial_aquarium,
          aquarium_bridge_long_joined [aquarium_subvault_window,
          aquarium_subvault_window, aquarium_subvault_bridge,
          aquarium_subvault_bridge, aquarium_subvault_wall,
          aquarium_subvault_wall], aquarium_window_2, aquarium_window_1,
          aquarium_view_2a, aquarium_view_2e, aquarium_balcony_3a

Skill      XL: |  1  2  3  4  5  6 |
---------------+-------------------+-----
Fire Magic     | 4 5 |  5.8
Fighting       | 1 2 |  2.2
Spellcasting   | 4 |  4.9
Conjurations   | 2 3 |  3.3
Dodging        | |  2.4
Stealth        | |  2.4

Action                   |  1- 3 |  4- 6 || total
-------------------------+-------+-------++-------
Melee: Unarmed           |     1 |       ||     1
       Flail             |       |     7 ||     7
       Punch             |       |     1 ||     1
 Cast: Foxfire           |    73 |    59 ||   132
       Scorch            |     1 |    11 ||    12
  Use: Scroll            |     4 |     4 ||     8
       Potion            |       |     2 ||     2
Armor: Robe              |     2 |     3 ||     5
Dodge: Dodged            |     7 |     7 ||    14
Block: Other             |       |     2 ||     2

Table legend: (Time is in decaauts)
 A = Elapsed time spent in this place.
 B = Non-inter-level travel time spent in this place.
 C = Inter-level travel time spent in this place.
 D = Time resting spent in this place.
 E = Time spent auto-exploring this place.
 F = Levels seen in this place.
 G = Mean time per level.
                   A        B        C        D        E       F      G
               +--------+--------+--------+--------+--------+-----+--------+
         Total |   5088 |   4839 |    249 |     61 |   4227 |   5 | 1017.6 |
       Dungeon |   5088 |   4839 |    249 |     61 |   4227 |   5 | 1017.6 |
               +--------+--------+--------+--------+--------+-----+--------+

Top non-repeatable levels by time:
     D:3: 1525 daAuts
     D:2: 1173 daAuts
     D:1: 1139 daAuts
     D:4: 948 daAuts
     D:5: 301 daAuts
